 Dungeon Crawl Stone Soup version 0.30-a0-696-g2367cd04db (webtiles) character file.

Game seed: 10130443676860248602

3899 mandarbmax the Cruncher (level 10, -3/79 HPs)
             Began as a Formicid Fighter on Jan 21, 2023.
             Slain by a manticore (13 damage)
             ... on level 7 of the Dungeon on Jan 22, 2023.
             The game lasted 00:17:40 (6225 turns).

mandarbmax the Cruncher (Formicid Fighter)          Turns: 6225, Time: 00:17:41

Health: -3/79      AC: 20    Str: 31    XL:     10   Next: 43%
Magic:  10/10      EV: 13    Int:  9    God:
Gold:   328        SH:  5    Dex: 15    Spells: 9/9 levels left

rFire   . . .      SeeInvis +    a - +1 quarterstaff (heavy)
rCold   . . .      Faith    .    c - +0 buckler
rNeg    . . .      Spirit   .    v - +5 chain mail of Subjectivity {-Cast Will+ Str+3 Stlth+}
rPois   .          Reflect  .    (helmet unavailable)
rElec   .          Harm     .    u - +2 cloak
rCorr   .          Rampage  .    e - +1 pair of gloves
Will    ++...      NoCast   +    (no boots) Stlth
                                 (no amulet)
HPRegen 0.33/turn                g - +5 ring of evasion
MPRegen 0.12/turn                r - +6 ring of strength

@: mighty, spiked, attractive
A: permanent stasis, dig shafts and tunnels, antennae 3, four strong arms
a: Dig, Shaft Self


You were on level 7 of the Dungeon.
You visited 1 branch of the dungeon, and saw 7 of its levels.
You also visited: Sewer.

You collected 518 gold pieces.
You spent 190 gold pieces at shops.

Inventory:

Hand Weapons
 a - a +1 heavy quarterstaff (weapon)
Missiles
 t - 2 throwing nets
Armour
 c - a +0 buckler (worn)
 e - a +1 pair of gloves (worn)
 u - a +2 cloak (worn)
 v - the +5 chain mail of Subjectivity (worn) {-Cast Will+ Str+3 Stlth+}
   (You bought it in a shop on level 4 of the Dungeon)

   Str:       It affects your strength (+3).
   -Cast:     It prevents spellcasting.
   Will:      It increases your willpower.
   Stlth:     It makes you more stealthy.
 x - the +5 ring mail "Watz" {-Tele rC+ MP+9}
   (You found it on level 3 of the Dungeon)

   rC:        It protects you from cold.
   MP:        It affects your magic capacity (+9).
   -Tele:     It prevents most forms of teleportation.
Jewellery
 b - a ring of resist corrosion
 g - a +5 ring of evasion (left hand)
 h - a +6 ring of dexterity
 r - a +6 ring of strength (right hand)
Wands
 z - a wand of charming (9) (quivered)
Scrolls
 f - 5 scrolls of fog
 k - a scroll of acquirement {unknown}
 p - 2 scrolls of fear {unknown}
Potions
 d - a potion of might
 i - 2 potions of flight
 j - 2 potions of cancellation
 l - a potion of invisibility {unknown}
 m - a potion of magic
 o - 3 potions of resistance {unknown}
 q - a potion of attraction
 s - 2 potions of brilliance
 w - a potion of curing
 A - a potion of heal wounds {unknown}


   Skills:
 + Level 7.1 Fighting
 + Level 12.5 Staves
 + Level 5.8 Armour
 - Level 4.0 Shields


You had 9 spell levels left.
You didn't know any spells.
Your spell library contained the following spells:

 Spells                   Type           Power      Damage    Failure   Level
 Stone Arrow              Conj/Erth      0%         3d7       100%        3
 Animate Armour           Summ/Erth      0%         N/A       100%        4
 Lehudib's Crystal Spear  Conj/Erth      0%         10d2      100%        8


Dungeon Overview and Level Annotations

Branches:
Dungeon (7/15)              Sewer (visited)
 Temple: D:4-7

Altars:
Dithmenos
Fedhas
Qazlal
Uskayaw
Wu Jian

Shops:
D:1 :   D:4 [([[

Annotations:
D:5 1 runed translucent door, Crazy Yiuf
D:6 1 runed translucent door


Innate Abilities, Weirdness & Mutations

You cannot be hasted, slowed, berserked, paralysed or teleported.
You can dig through walls and to a lower floor.
You have a pair of large antennae on your head. (SInv)
Your four strong arms can wield two-handed weapons with a shield.


Message History

The manticore flicks its tail.
The volley of spikes misses you.
Okay, then.
Okay, then.
The manticore flicks its tail.
You block the volley of spikes.
Things that are here:
a +0 troll leather armour; a troll corpse You feel very mighty all of a sudden.
The vampire mosquito bites you.
The vampire mosquito draws strength from your injuries!
You flatten the vampire mosquito like a pancake!!!
You destroy the vampire mosquito!
The manticore flicks its tail.
The volley of spikes hits you!
The barbed spikes become lodged in your body.
Okay, then.
Okay, then.
You bludgeon the manticore!!
The manticore is moderately wounded.
The manticore bites you! The manticore claws you.
The manticore completely misses you.
You sock the manticore!
The manticore is severely wounded.
The manticore misses you. You block the manticore's attack.
The manticore claws you!
* * * LOW HITPOINT WARNING * * *
You hit the manticore but do no damage.
The manticore is severely wounded.
The manticore bites you but does no damage.
The manticore claws you!
* * * LOW HITPOINT WARNING * * *
The manticore claws you but does no damage.
It was a potion of attraction.
You feel attractive to monsters. The manticore bites you!
* * * LOW HITPOINT WARNING * * *
The manticore claws you but does no damage. x2
It was a potion of curing.
You feel better. The manticore bites you!
You die...

##...##[......## #.
##.....##.....## #. ..
........###.### ##.#
#......##.#.#.# #...
###...##.#.#†#. ##..#
#..##.#)#.#.#.###y.# .#
#..#.#.#†#†#.#.#..###..#
#..##.#.#.#?#.##....)#
#....#.#.#.#.#@H.)†.#
#..##.#.#.#.#.##.###.#
#..#.#.#.#.#.#.#..#
##.##.#.#.#.#.###..#
#..##.#.#.#.## #... ...
##.#.#)## #... ###
###.### ##.# ... ..
#.###


You could see a manticore.

Vanquished Creatures
  A troll (D:7)
  A shadow (D:6)
  4 vampire mosquitoes
  A water moccasin (D:6)
  2 ice beasts
  2 orc warriors
  A sky beast (D:7)
  2 ogres
  4 kobold brigands (Sewer)
  A phantom (D:5)
  2 bullfrogs
  8 scorpions (D:6)
  A wight (D:7)
  3 killer bees (D:7)
  4 howler monkeys
  A crimson imp (D:5)
  3 hounds
  An orc priest (D:5)
  A gnoll bouda (D:6)
  2 jellies
  7 iguanas
  5 orc wizards
  7 gnolls (D:6)
  13 adders
  11 river rats
  3 white imps (D:5)
  An ufetubus (D:6)
  A worm (D:2)
  A dart slug (D:3)
  17 orcs
  19 ball pythons
  3 endoplasms
  8 giant cockroaches
  7 goblins
  6 hobgoblins
  6 jackals
  9 kobolds
  15 quokkas
  7 bats
  5 frilled lizards
  27 rats
  A butterfly (D:6)
224 creatures vanquished.

Vanquished Creatures (others)
  5 fungi (D:5)
  5 plants (Sewer)
10 creatures vanquished.

Grand Total: 234 creatures vanquished

Notes
Turn   | Place    | Note
-------+----------+-------------------------------------------
     0 | D:1      | mandarbmax the Formicid Fighter began the quest for the
                  | Orb.
     0 | D:1      | Reached XP level 1. HP: 18/18 MP: 1/1
     6 | D:1      | Found Zoixak's Book Emporium.
    83 | D:1      | Reached XP level 2. HP: 21/24 MP: 2/2
   155 | D:1      | Reached skill level 3 in Staves
   267 | D:1      | Reached XP level 3. HP: 26/27 MP: 3/3
   806 | D:1      | Reached skill level 4 in Staves
   806 | D:1      | Reached XP level 4. HP: 21/35 MP: 4/4
  1106 | D:2      | Reached XP level 5. HP: 41/41 MP: 5/5
  1400 | D:3      | Identified the +5 ring mail "Watz" {-Tele rC+ MP+9}
  1455 | D:3      | Reached skill level 5 in Staves
  1667 | D:3      | Found an ornate altar of the Wu Jian Council.
  1680 | D:3      | Noticed a spectral centipede
  1680 | D:3      | Noticed a spectral black mamba
  1680 | D:3      | Noticed a spectral cane toad
  2139 | D:3      | Found a hide-covered altar of Uskayaw.
  2199 | D:4      | Found Syeruug's Jewellery Boutique.
  2367 | D:4      | Found a blossoming altar of Fedhas.
  2368 | D:4      | Found a stormy altar of Qazlal.
  2475 | D:4      | Reached XP level 6. HP: 44/47 MP: 6/6
  2484 | D:4      | Found a glowing drain.
  2492 | D:4      | Reached skill level 6 in Staves
  2505 | Sewer    | Entered a sewer
  2617 | Sewer    | Reached skill level 7 in Staves
  2617 | Sewer    | Reached XP level 7. HP: 48/52 MP: 7/7
  3447 | D:4      | Found Veloaner's Antique Weapon Boutique.
  3450 | D:4      | Found Nuplid's Antique Armour Emporium.
  3459 | D:4      | Bought a smelly chain mail for 190 gold pieces
  3459 | D:4      | Identified the +5 chain mail of Subjectivity {-Cast Will+
                  | Str+3 Stlth+} (You bought it in a shop on level 4 of the
                  | Dungeon)
  3491 | D:4      | Found Dufom's Antique Armour Shoppe.
  3696 | D:4      | Reached skill level 8 in Staves
  3714 | D:4      | Found Bufaem's Armour Shoppe.
  3762 | D:5      | Entered Level 5 of the Dungeon
  3968 | D:5      | Reached XP level 8. HP: 26/58 MP: 8/8
  4133 | D:5      | Found a shadowy altar of Dithmenos.
  4280 | D:5      | Reached skill level 9 in Staves
  4939 | D:5      | Found a runed translucent door.
  4940 | D:5      | Noticed Crazy Yiuf
  5003 | D:5      | Reached skill level 10 in Staves
  5091 | D:6      | Reached XP level 9. HP: 51/64 MP: 9/9
  5225 | D:6      | Reached skill level 11 in Staves
  5380 | D:6      | Found a runed translucent door.
  5381 | D:6      | Found a runed translucent door.
  5710 | D:6      | Reached skill level 12 in Staves
  5852 | D:6      | Reached skill level 5 in Fighting
  5992 | D:7      | Reached XP level 10. HP: 76/76 MP: 10/10
  6035 | D:7      | Reached skill level 5 in Armour
  6210 | D:7      | Noticed a manticore
  6225 | D:7      | Slain by a manticore

Illustrated notes

Levels and vault maps discovered:
D:1:      dpeg_arrival_pits, layout_basic, serial_shops,
          nicolae_shop_temple_entry_statues_fountains, minmay_hedge_maze
D:2:      layout_rooms, minmay_misc_feat_doors
D:3:      layout_basic, pdpol_wu_jian_five_deadly_venoms,
          nicolae_uskayaw_suspiria
D:4:      layout_basic, grunt_temple_overflow_forces_of_nature, serial_shops,
          shop_statue, shop, shop, nicolae_diamond_shop, nicolae_shop_crystal,
          portal_sewer_entry_c
D:5:      lemuel_ratsnest, layout_basic, mainiacjoe_overflow_small_starburst,
          minmay_fire_ice_demons, uniq_crazy_yiuf_cottage
D:6:      lemuel_insect_pit, layout_cave_pools
D:7:      minmay_the_grid_octo_2x2 [minmay_the_grid_octo_chip,
          minmay_the_grid_octo_checkered, minmay_the_grid_octo_pinwheel,
          minmay_the_grid_octo_prize_big_c], layout_loops_ring, bloody_makhleb,
          grunt_gozag_statues, minmay_temple_entry_proselytizer

Skill      XL: |  1  2  3  4  5  6  7  8  9 10 |
---------------+-------------------------------+-----
Staves         | 3 4 5 7 8 10 12 | 12.5
Armour         | 4 5 |  5.8
Fighting       | 5 7 |  7.1
Shields        | |  4.0

Action                   |  1- 3 |  4- 6 |  7- 9 | 10-12 || total
-------------------------+-------+-------+-------+-------++-------
Melee: Quarterstaff      |    87 |   201 |   413 |    47 ||   748
 Abil: Dig               |     2 |       |     1 |       ||     3
  Use: Scroll            |       |    12 |     5 |       ||    17
       Potion            |       |       |       |     3 ||     3
Armor: Scale mail        |    67 |    45 |       |       ||   112
       Ring mail         |       |    36 |    15 |       ||    51
       Chain mail        |       |       |    89 |    30 ||   119
Dodge: Dodged            |    44 |   130 |   168 |    35 ||   377
Block: Buckler           |    27 |    59 |    84 |    11 ||   181

Table legend: (Time is in decaauts)
 A = Elapsed time spent in this place.
 B = Non-inter-level travel time spent in this place.
 C = Inter-level travel time spent in this place.
 D = Time resting spent in this place.
 E = Time spent auto-exploring this place.
 F = Levels seen in this place.
 G = Mean time per level.
                   A        B        C        D        E       F      G
               +--------+--------+--------+--------+--------+-----+--------+
         Total |   6339 |   6145 |    194 |    389 |   4097 |   8 |  792.4 |
       Dungeon |   5541 |   5347 |    194 |    389 |   3494 |   7 |  791.6 |
         Sewer |    798 |    798 |      0 |      0 |    602 |   1 |  798.0 |
               +--------+--------+--------+--------+--------+-----+--------+

Top non-repeatable levels by time:
     D:5: 1264 daAuts
     D:6: 974 daAuts
     D:4: 927 daAuts
     D:1: 874 daAuts
     D:3: 864 daAuts
   Sewer: 798 daAuts
     D:2: 463 daAuts
     D:7: 171 daAuts
